General information
- name: BNet
- type: Ladder 1vs1/FFA
- host: Battle.net
- saver: BEAR_AND
map: EchoIsles
- players: 2
- length: 41:28
- speed: Fast
- version: 1.21 W3XP
- replay type:

» download(133 KB)
Players
team 1 (winner)
BEAR_AND (
pink | 103 APM | 4272 actions | 41:28)
5 Blademaster
3 Wind Walk
2 Critical Strike
5 Tauren Chieftain
3 Shockwave
2 Endurance Aura
» actions
| Assign group hotkey | 8 | |
| Basic commands | 4 | |
| Build / train | 85 | |
| Enter build submenu | 74 | |
| Enter hero's abilities submenu | 11 | |
| Give item / drop item | 19 | |
| Remove unit from queue | 2 | |
| Right click | 2811 | |
| Select / deselect | 528 | |
| Select group hotkey | 489 | |
| Use ability | 239 | |
4272 total
» units
» upgrades
| Spiked Barricades | 1 | |
| Liquid Fire | 1 | |
| Ranged Weapons | 2 | |
| Reinforced Defenses | 0 | |
4 total
» buildings
| Altar of Storms | 1 | |
| Orc Burrow | 4 | |
| War Mill | 1 | |
| Voodoo Lounge | 1 | |
| Watch Tower | 60 | |
| Stronghold | 1 | |
| Beastiary | 2 | |
| Fortress | 1 | |
| Great Hall | 3 | |
74 total
» build order
00:08 Altar of Storms
00:20 Orc Burrow
00:54 War Mill
01:02 Voodoo Lounge
02:06 Watch Tower
02:19 Watch Tower
02:59 Stronghold
03:24 Watch Tower
03:27 Watch Tower
04:06 Watch Tower
04:13 Watch Tower
05:40 Watch Tower
05:42 Watch Tower
05:52 Orc Burrow
06:03 Beastiary
06:19 Orc Burrow
06:22 Fortress
07:24 Watch Tower
08:08 Beastiary
09:35 Watch Tower
09:37 Watch Tower
11:01 Watch Tower
11:02 Watch Tower
12:42 Orc Burrow
15:40 Watch Tower
15:41 Watch Tower
15:44 Watch Tower
15:45 Watch Tower
16:36 Watch Tower
16:37 Watch Tower
16:47 Watch Tower
16:47 Watch Tower
16:48 Watch Tower
16:52 Watch Tower
17:20 Watch Tower
17:22 Watch Tower
17:54 Great Hall
17:59 Watch Tower
18:28 Watch Tower
20:03 Watch Tower
20:05 Watch Tower
21:34 Watch Tower
22:53 Watch Tower
23:29 Watch Tower
23:30 Watch Tower
23:31 Watch Tower
23:32 Watch Tower
23:36 Great Hall
24:03 Watch Tower
24:45 Watch Tower
25:01 Watch Tower
26:16 Watch Tower
26:49 Watch Tower
26:52 Watch Tower
26:53 Watch Tower
26:53 Watch Tower
27:51 Watch Tower
27:52 Watch Tower
27:52 Watch Tower
28:41 Great Hall
29:30 Watch Tower
30:01 Watch Tower
34:35 Watch Tower
34:36 Watch Tower
35:07 Watch Tower
35:08 Watch Tower
36:25 Watch Tower
36:28 Watch Tower
36:37 Watch Tower
36:41 Watch Tower
39:20 Watch Tower
39:22 Watch Tower
39:24 Watch Tower
39:25 Watch Tower
» items
| Healing Salve | 11 | |
| Lesser Clarity Potion | 19 | |
| Boots of Speed | 2 | |
| Staff of Teleportation | 1 | |
| Orb of Lightning | 2 | |
| Scroll of Town Portal | 1 | |
36 total
team 2 (loser)
GreatSatan (
teal | 50 APM | 2076 actions | 41:27)
6 Mountain King
1 Thunder Clap
3 Bash
2 Storm Bolt
5 Archmage
2 Summon Water Elemental
2 Brilliance Aura
1 Blizzard
» actions
| Assign group hotkey | 81 | |
| Basic commands | 173 | |
| Build / train | 124 | |
| ESC pressed | 6 | |
| Enter build submenu | 44 | |
| Enter hero's abilities submenu | 10 | |
| Give item / drop item | 7 | |
| Remove unit from queue | 6 | |
| Right click | 814 | |
| Select / deselect | 436 | |
| Select group hotkey | 254 | |
| Use ability | 121 | |
2076 total
» units
| Peasant | 12 | |
| Footman | 3 | |
| Rifleman | 12 | |
| Priest | 2 | |
| Forest Troll Shadow Priest | 3 | |
| Flying Machine | 2 | |
| Mortar Team | 7 | |
| Sorceress | 2 | |
| Siege Engine | 12 | |
| Gryphon Rider | 1 | |
| Dragonhawk Rider | 3 | |
59 total
» upgrades
| Gunpowder | 2 | |
| Armor | 1 | |
| Magic Sentry | 1 | |
| Priest Training | 2 | |
| Flare | 1 | |
| Long Rifles | 1 | |
| Plating | 1 | |
| Barrage | 1 | |
| Sorceress Training | 1 | |
| Masonry | 1 | |
12 total
» buildings
| Altar of Kings | 1 | |
| Farm | 12 | |
| Barracks | 1 | |
| Blacksmith | 1 | |
| Scout Tower | 9 | |
| Arcane Tower | 3 | |
| Keep | 5 | |
| Arcane Vault | 1 | |
| Arcane Sanctum | 1 | |
| Workshop | 2 | |
| Castle | 2 | |
| Lumber Mill | 1 | |
| Guard Tower | 9 | |
| Town Hall | 2 | |
| Gryphon Aviary | 1 | |
| Cannon Tower | 1 | |
52 total
» build order
00:12 Altar of Kings
00:28 Farm
00:32 Farm
00:46 Barracks
01:24 Farm
01:50 Blacksmith
02:09 Scout Tower
02:13 Farm
02:53 Arcane Tower
03:30 Keep
03:30 Keep
03:31 Keep
04:08 Farm
05:17 Arcane Vault
06:22 Arcane Sanctum
06:58 Workshop
07:03 Scout Tower
07:44 Farm
08:12 Arcane Tower
08:57 Farm
10:48 Farm
11:12 Castle
11:12 Castle
11:56 Lumber Mill
12:32 Farm
13:49 Scout Tower
15:16 Workshop
15:22 Guard Tower
15:54 Farm
17:24 Scout Tower
18:06 Guard Tower
18:07 Guard Tower
18:07 Guard Tower
18:07 Guard Tower
18:45 Scout Tower
19:15 Guard Tower
21:26 Scout Tower
24:58 Town Hall
25:08 Scout Tower
26:01 Guard Tower
26:25 Scout Tower
27:01 Arcane Tower
27:07 Scout Tower
29:16 Guard Tower
29:40 Gryphon Aviary
39:09 Town Hall
39:32 Farm
39:44 Cannon Tower
39:59 Farm
» items
| Scroll of Regeneration | 1 | |
| Potion of Healing | 1 | |
| Claws of Attack +6 | 1 | |
| Scroll of Town Portal | 1 | |
| Tome of Retraining | 2 | |
6 total
Chat log
(01:35 / All) BEAR_AND: hi
(01:36 / All) BEAR_AND: gl hf
(01:38 / All) GreatSatan: hi
(01:39 / All) GreatSatan: u2
(09:24 / All) GreatSatan: GOOD THING I SUCK
(09:27 / All) BEAR_AND: hahaha
(09:29 / All) GreatSatan: cuz u are not impressing me
(09:32 / All) GreatSatan: :p
(19:29 / All) BEAR_AND: lmao
(22:25 / All) GreatSatan: lmao chris
(22:28 / All) BEAR_AND: chris?
(22:31 / All) GreatSatan: t
(24:19 / All) BEAR_AND: ;)
(32:15 / All) BEAR_AND: lmao
(32:20 / All) GreatSatan: god ur a fag
(32:23 / All) GreatSatan: i hate you
(34:27 / All) BEAR_AND: ty
(35:10 / All) BEAR_AND: quit
(35:14 / All) BEAR_AND: fat child....nobie....
(35:26 / All) BEAR_AND: u can never win
(38:18 / All) BEAR_AND: gg fatso!!!!!!!!!!!!!!!!! lmfao
(39:47 / All) BEAR_AND: lmao
(39:53 / All) BEAR_AND: how terrible at this game are you....
(40:06 / All) GreatSatan: better than you ldo
(40:08 / All) BEAR_AND: honestly you have to have fetal alcohol syndrome to be this bad
(40:09 / All) GreatSatan: jeez
(40:15 / All) GreatSatan: haha
(40:30 / All) GreatSatan: blah blahb lah
(40:32 / All) GreatSatan: fuck off already christ
(40:35 / All) BEAR_AND: lmao
(40:37 / All) GreatSatan: you're such a jizzbag
(40:40 / All) BEAR_AND: lmfao
(40:45 / All) GreatSatan: is this the best thing ur doing with ur life?
(40:46 / All) GreatSatan: etc etc
(40:53 / All) GreatSatan: any gg fagmonkey donkeydick
(40:55 / All) BEAR_AND: no but god damn you are a free win
(40:59 / All) GreatSatan: blah blah blah
(41:04 / All) GreatSatan: what a big man you are
(41:05 / All) GreatSatan: err boy
(41:11 / All) GreatSatan: windbag
(41:16 / All) BEAR_AND: fucking lol
(41:18 / All) GreatSatan: give yourself another pat on the back for this one
(41:22 / All) BEAR_AND: lmao fuck
(41:27 / All) BEAR_AND: all replays like this www.highper.ch